[Event "VI Sunway Sitges Open 2019"]
[Site "Sitges"]
[Date "2019.12.20"]
[Round "8.49"]
[White "Martin Barcelo, Carles"]
[Black "Van Kessel, Wessel"]
[Result "0-1"]
[ECO "B40"]
[WhiteElo "2196"]
[BlackElo "2095"]
[Annotator "NA"]
[PlyCount "76"]
[EventDate "2019.12.13"]
[EventType "swiss"]
[EventCountry "ESP"]
[SourceTitle "playchess.com"]
[Source "ChessBase"]
[SourceQuality "1"]
[TimeControl "40/5400+30:1800+30"]

1. e4 c5 2. Nf3 e6 3. b3 a6 4. Bb2 Nc6 5. Bd3 d6 6. O-O e5 7. Re1 g6 8. Bf1 Bg7 9. c3 Bg4 10. h3 Bxf3 11. Qxf3 Nge7 12. d3 O-O 13. Nd2 b5 14. Qe2 Nc8 15. g3 Nb6 16. Qd1 Bh6 17. Nf3 b4 18. c4 a5 19. a4 Nd4 20. Bxd4 cxd4 21. Bg2 Nd7 22. Qc2 Nc5 23. Rf1 Ra7 24. Rae1 f5 25. exf5 gxf5 26. Nh4 Qg5 27. Bd5+ Kh8 28. Nf3 Qh5 29. Kg2 Rg7 30. Nh2 Qg5 31. Nf3 Qf6 32. Nh2 Re7 33. Qd1 Bg7 34. f3 Bh6 35. Rh1 Rg7 36. Nf1 Qh4 37. Qc2 Bf4 38. g4 Qxe1 0-1

[Event "VI Sunway Sitges Open 2019"]
[Site "Sitges"]
[Date "2019.12.20"]
[Round "8.50"]
[White "Bianco, Valerio"]
[Black "Kind, Michael"]
[Result "1-0"]
[ECO "E70"]
[WhiteElo "2126"]
[BlackElo "1948"]
[Annotator "NA"]
[PlyCount "63"]
[EventDate "2019.12.13"]
[EventType "swiss"]
[EventCountry "ESP"]
[SourceTitle "playchess.com"]
[Source "ChessBase"]
[SourceQuality "1"]
[TimeControl "40/5400+30:1800+30"]

1. d4 Nf6 2. c4 g6 3. Nc3 Bg7 4. e4 d6 5. Bd3 O-O 6. Nge2 e5 7. d5 Na6 8. Ng3 Nc5 9. Bc2 a5 10. O-O Bd7 11. f3 h6 12. Be3 b6 13. a3 Kh7 14. b3 Ng8 15. b4 Nb7 16. Qd2 f5 17. exf5 gxf5 18. Nh5 Be8 19. Nxg7 Kxg7 20. f4 e4 21. Ne2 Kh7 22. Nd4 Bd7 23. g4 Qf6 24. Kh1 Ne7 25. gxf5 Bxf5 26. Nxf5 Nxf5 27. Bxe4 axb4 28. Bd4 Qf7 29. Rg1 Rg8 30. Qc2 Rxg1+ 31. Rxg1 b3 32. Bxf5+ 1-0

[Event "VI Sunway Sitges Open 2019"]
[Site "Sitges"]
[Date "2019.12.20"]
[Round "8.51"]
[White "Rathina Sabapathi A"]
[Black "Roch, Florian"]
[Result "1-0"]
[ECO "A46"]
[WhiteElo "1759"]
[BlackElo "1979"]
[Annotator "NA"]
[PlyCount "129"]
[EventDate "2019.12.13"]
[EventType "swiss"]
[EventCountry "ESP"]
[SourceTitle "playchess.com"]
[Source "ChessBase"]
[SourceQuality "1"]
[TimeControl "40/5400+30:1800+30"]

1. d4 Nf6 2. Nf3 e6 3. Bg5 c5 4. e3 Qb6 5. Nc3 d5 6. Bxf6 gxf6 7. a3 Bd7 8. Rb1 Nc6 9. dxc5 Qxc5 10. e4 d4 11. Ne2 Qa5+ 12. Qd2 Qxd2+ 13. Nxd2 a5 14. Nf4 Bd6 15. g3 Ke7 16. Bb5 Rac8 17. Ke2 Rc7 18. Rhc1 Rhc8 19. Nd3 b6 20. Nb3 e5 21. c4 Be6 22. Nd2 f5 23. f3 fxe4 24. fxe4 f5 25. Kf3 Rf8 26. Rf1 Na7 27. Ba6 Bd7 28. Ke2 fxe4 29. Nxe4 Bg4+ 30. Kd2 Bf3 31. Ng5 e4 32. Nxf3 exf3 33. Rbe1+ Kd8 34. Re4 Re7 35. Rxe7 Bxe7 36. Bb7 Bg5+ 37. Kd1 Kc7 38. Rxf3 Rxf3 39. Bxf3 Nc8 40. Kc2 Kd6 41. b4 axb4 42. axb4 Ne7 43. Kb3 h6 44. c5+ bxc5 45. bxc5+ Kc7 46. Kc4 Bf6 47. Nf4 Kb8 48. Be4 Be5 49. Ne2 Ng8 50. Nxd4 Kc7 51. Nb5+ Kd8 52. Kd5 Bb8 53. Ke6 Ne7 54. Nd6 h5 55. Bf3 h4 56. gxh4 Ng6 57. h5 Nf8+ 58. Kf7 Nd7 59. h6 Ne5+ 60. Kg8 Nd7 61. Kg7 Nxc5 62. h7 Bxd6 63. h8=Q+ Kc7 64. Qa8 Be5+ 65. Kf7 1-0

[Event "VI Sunway Sitges Open 2019"]
[Site "Sitges"]
[Date "2019.12.20"]
[Round "8.52"]
[White "Lorenzo Martinez, Ruben"]
[Black "Lokare Yash"]
[Result "0-1"]
[ECO "D35"]
[WhiteElo "1785"]
[BlackElo "1353"]
[Annotator "NA"]
[PlyCount "116"]
[EventDate "2019.12.13"]
[EventType "swiss"]
[EventCountry "ESP"]
[SourceTitle "playchess.com"]
[Source "ChessBase"]
[SourceQuality "1"]
[TimeControl "40/5400+30:1800+30"]

1. d4 Nf6 2. c4 e6 3. Nf3 d5 4. cxd5 exd5 5. Bg5 Be7 6. e3 c6 7. Nc3 Nbd7 8. Bd3 O-O 9. O-O h6 10. Bh4 b6 11. a3 c5 12. Bb5 Bb7 13. Ne5 Nxe5 14. dxe5 Ne4 15. Bxe7 Qxe7 16. Nxe4 dxe4 17. Qd7 Qxd7 18. Bxd7 Rfd8 19. Rad1 Ba6 20. Rfe1 Bd3 21. e6 Kf8 22. f3 Ke7 23. Bc6 Rac8 24. Bb7 Rb8 25. Bc6 Kxe6 26. fxe4 Ke5 27. Bd5 f5 28. Rxd3 fxe4 29. Bxe4 Kxe4 30. Rdd1 g5 31. Kf2 h5 32. Ke2 c4 33. Rf1 Rd3 34. Rf7 Rxe3+ 35. Kf2 Re8 36. Rxa7 Rf8+ 37. Kg1 Rf5 38. Rc7 Rc5 39. Rxc5 bxc5 40. a4 Rb3 41. Rd2 Ke3 42. Rc2 Kd3 43. Rf2 Rb4 44. a5 Ra4 45. Rf3+ Ke4 46. b3 cxb3 47. Rxb3 Rxa5 48. Rb8 c4 49. Rc8 Kd3 50. Rd8+ Kc2 51. Kf2 Re5 52. h3 c3 53. g4 hxg4 54. hxg4 Kc1 55. Rb8 c2 56. Rb7 Re4 57. Kf3 Rf4+ 58. Kg3 Rd4 0-1

[Event "VI Sunway Sitges Open 2019"]
[Site "Sitges"]
[Date "2019.12.20"]
[Round "8.53"]
[White "Mateus, Domingos"]
[Black "Goris-Schouwstra, Adry"]
[Result "1-0"]
[ECO "C01"]
[WhiteElo "1857"]
[BlackElo "1624"]
[Annotator "NA"]
[PlyCount "137"]
[EventDate "2019.12.13"]
[EventType "swiss"]
[EventCountry "ESP"]
[SourceTitle "playchess.com"]
[Source "ChessBase"]
[SourceQuality "1"]
[TimeControl "40/5400+30:1800+30"]

1. e4 e6 2. d4 d5 3. exd5 exd5 4. Bd3 Bd6 5. h3 Ne7 6. Nf3 Bf5 7. O-O Bxd3 8. Qxd3 c6 9. Re1 h6 10. Nbd2 O-O 11. Nf1 Nd7 12. Ne3 Re8 13. Ng4 Ng6 14. Bd2 Bf8 15. Rxe8 Qxe8 16. Re1 Qd8 17. Qf5 Qc7 18. Bxh6 gxh6 19. Qxd7 Qxd7 20. Nf6+ Kg7 21. Nxd7 Bd6 22. Nde5 Re8 23. Nxg6 Rxe1+ 24. Nxe1 fxg6 25. Kf1 h5 26. Ke2 Kf6 27. Kd3 Kf5 28. b3 b5 29. c3 g5 30. Nc2 Kf6 31. Ne3 Ke6 32. c4 Bf4 33. g3 Bc7 34. c5 a5 35. a4 b4 36. g4 hxg4 37. hxg4 Bf4 38. Nf5 Kf6 39. Nh6 Kg7 40. Nf5+ Kf6 41. Ke2 Ke6 42. Ng7+ Kf7 43. Nh5 Bc7 44. Kd3 Kg6 45. Ke3 Bb8 46. Kf3 Bc7 47. Ng3 Bf4 48. Nf5 Kf6 49. Ke2 Bc7 50. Ne3 Bf4 51. Nc2 Bc7 52. Ne1 Bf4 53. Nd3 Bc7 54. Ke3 Bb8 55. f4 gxf4+ 56. Nxf4 Kg5 57. Ne6+ Kxg4 58. Nd8 Kf5 59. Nxc6 Bc7 60. Ne7+ Ke6 61. Ng6 Kf5 62. Nh4+ Ke6 63. Ng6 Kd7 64. Nf4 Kc6 65. Ng6 Bd8 66. Kf4 Bf6 67. Ne5+ Kc7 68. Kf5 Bh4 69. Ke6 1-0

[Event "VI Sunway Sitges Open 2019"]
[Site "Sitges"]
[Date "2019.12.20"]
[Round "8.54"]
[White "Divitt Arora"]
[Black "De La Riva Fernandez, Eduardo"]
[Result "0-1"]
[ECO "C14"]
[WhiteElo "1616"]
[BlackElo "1824"]
[Annotator "NA"]
[PlyCount "144"]
[EventDate "2019.12.13"]
[EventType "swiss"]
[EventCountry "ESP"]
[SourceTitle "playchess.com"]
[Source "ChessBase"]
[SourceQuality "1"]
[TimeControl "40/5400+30:1800+30"]

1. e4 e6 2. d4 d5 3. Nc3 Nf6 4. Bg5 Be7 5. e5 Nfd7 6. Bxe7 Qxe7 7. f4 a6 8. Qg4 f5 9. exf6 Nxf6 10. Qh4 c5 11. dxc5 Qxc5 12. O-O-O Nc6 13. Bd3 O-O 14. Kb1 Nb4 15. Nf3 Nxd3 16. Rxd3 Bd7 17. Ne5 Be8 18. g4 Rc8 19. Rc1 Rc7 20. Rh3 Bg6 21. Nxg6 hxg6 22. Qg5 d4 23. Qxc5 Rxc5 24. Ne2 Rd5 25. Rd3 Nxg4 26. Rxd4 Nxh2 27. Rxd5 exd5 28. Rd1 Rf5 29. Rd4 Nf3 30. Rd3 Nh4 31. Rb3 b5 32. Ra3 Rf6 33. Rd3 Ng2 34. Rxd5 Nxf4 35. Nxf4 Rxf4 36. a3 Rf5 37. Rd6 Rf6 38. Rd5 Rf5 39. Rd6 Rf6 40. Rd5 Kh7 41. Kc1 Kh6 42. Kd2 g5 43. a4 bxa4 44. Ra5 g4 45. Rxa4 Kh5 46. c4 g3 47. Ra1 Kg4 48. b4 g2 49. Ke2 Kg3 50. b5 axb5 51. cxb5 Re6+ 52. Kd3 Kh2 53. Kd4 g1=Q+ 54. Rxg1 Kxg1 55. Kd5 Rh6 56. Kc5 g5 57. b6 Rh8 58. Kc6 g4 59. b7 g3 60. Kc7 g2 61. b8=Q Rxb8 62. Kxb8 Kf2 63. Kc7 g1=Q 64. Kd6 Qg5 65. Kc6 Qe5 66. Kb6 Qc3 67. Kb7 Ke3 68. Kb6 Qc8 69. Kb5 Kd4 70. Kb4 Qb7+ 71. Ka3 Kc3 72. Ka4 Qb4# 0-1

[Event "VI Sunway Sitges Open 2019"]
[Site "Sitges"]
[Date "2019.12.20"]
[Round "9.2"]
[White "Durarbayli, Vasif"]
[Black "Kovalenko, Igor"]
[Result "1-0"]
[ECO "B01"]
[WhiteElo "2609"]
[BlackElo "2647"]
[Annotator "RC"]
[PlyCount "111"]
[EventDate "2019.12.13"]
[EventType "swiss"]
[EventCountry "ESP"]
[SourceTitle "playchess.com"]
[Source "ChessBase"]
[SourceQuality "1"]
[TimeControl "40/5400+30:1800+30"]

1. e4 d5 2. exd5 Qxd5 3. Nc3 Qa5 4. d4 Nf6 5. Nf3 Bf5 6. Ne5 c6 7. g4 Be6 8. Bc4 Bxc4 9. Nxc4 Qa6 10. Qe2 e6 11. g5 Nd5 12. Ne4 Nd7 13. Ncd6+ Bxd6 14. Nxd6+ Ke7 15. Qxa6 bxa6 16. Ne4 Nb4 17. Kd2 f5 18. gxf6+ Nxf6 19. Nxf6 gxf6 20. c4 a5 21. a3 Na6 22. Kc3 a4 23. Bf4 Rag8 24. Rhg1 Rg6 25. Rae1 Kf7 26. Rg3 Rxg3+ 27. hxg3 h5 28. Rh1 Kg6 29. Rh4 Rd8 30. g4 hxg4 31. Rxg4+ Kf5 32. Rh4 c5 33. Be3 Rd7 34. dxc5 e5 35. Rh5+ Ke4 36. Rh6 Kf5 37. Rh8 Rc7 38. Rd8 Nxc5 39. Bxc5 Rxc5 40. Rd7 Ke4 41. Rxa7 f5 42. Rxa4 Kf3 43. b4 Rc8 44. Ra5 Re8 45. b5 Kxf2 46. b6 f4 47. b7 Rb8 48. Rb5 f3 49. c5 Kg3 50. c6 f2 51. Rb1 e4 52. Kd4 Kf3 53. Rc1 Rd8+ 54. Kc5 Rg8 55. c7 Rg5+ 56. Kd4 1-0

[Event "VI Sunway Sitges Open 2019"]
[Site "Sitges"]
[Date "2019.12.20"]
[Round "9.5"]
[White "Puranik, Abhimanyu"]
[Black "Narayanan.S.L"]
[Result "1-0"]
[ECO "A20"]
[WhiteElo "2580"]
[BlackElo "2626"]
[Annotator "RC"]
[PlyCount "81"]
[EventDate "2019.12.13"]
[EventType "swiss"]
[EventCountry "ESP"]
[SourceTitle "playchess.com"]
[Source "ChessBase"]
[SourceQuality "1"]
[TimeControl "40/5400+30:1800+30"]

1. c4 e5 2. g3 Nf6 3. Bg2 c6 4. d4 e4 5. Nc3 d5 6. Bg5 Nbd7 7. Nh3 h6 8. Bxf6 Nxf6 9. cxd5 cxd5 10. Qb3 Bd6 11. O-O Bc7 12. f3 O-O 13. fxe4 dxe4 14. e3 Be6 15. Qc2 Bc4 16. Rfe1 Ba5 17. Nf2 Bd5 18. Nfxe4 Bxe4 19. Bxe4 Nxe4 20. Qxe4 Bxc3 21. bxc3 Qc7 22. Qd3 Rac8 23. Rac1 Qa5 24. Rc2 b5 25. e4 Rc4 26. e5 Rfc8 27. Re3 Qb6 28. a3 a5 29. Rd2 Rxc3 30. Qxc3 Rxc3 31. Rxc3 b4 32. axb4 axb4 33. Rb3 Kh7 34. Kg2 Qc6+ 35. d5 Qc4 36. d6 Qe4+ 37. Kf2 Qf5+ 38. Rf3 Qd7 39. Kg2 Kg6 40. h4 h5 41. Kh2 1-0

[Event "VI Sunway Sitges Open 2019"]
[Site "Sitges"]
[Date "2019.12.20"]
[Round "9.8"]
[White "Erigaisi Arjun"]
[Black "Karthikeyan, Murali"]
[Result "1/2-1/2"]
[ECO "E94"]
[WhiteElo "2544"]
[BlackElo "2611"]
[Annotator "RC"]
[PlyCount "191"]
[EventDate "2019.12.13"]
[EventType "swiss"]
[EventCountry "ESP"]
[SourceTitle "playchess.com"]
[Source "ChessBase"]
[SourceQuality "1"]
[TimeControl "40/5400+30:1800+30"]

1. d4 Nf6 2. c4 g6 3. Nc3 Bg7 4. e4 d6 5. Be2 O-O 6. Be3 Na6 7. Nf3 e5 8. O-O Qe8 9. h3 Nxe4 10. Nxe4 exd4 11. Nxd6 Qe6 12. Bf4 cxd6 13. Re1 d5 14. Rc1 Nc5 15. cxd5 Qxd5 16. Bc4 Qd8 17. Bg5 Bf6 18. Bxf6 Qxf6 19. Qxd4 Qxd4 20. Nxd4 Rd8 21. b4 Kf8 22. Rcd1 Na4 23. Bb3 Nc3 24. Rd3 Bf5 25. Rxc3 Rxd4 26. g4 Bd7 27. Rc7 b6 28. Rd1 Rxd1+ 29. Bxd1 Be6 30. Bf3 Rc8 31. Rxa7 Rc3 32. Kg2 h5 33. a4 hxg4 34. hxg4 Rc4 35. b5 Rb4 36. Rb7 Bxg4 37. Bd5 Rxa4 38. Rxf7+ Ke8 39. Rf6 Rd4 40. Bb7 Bd7 41. Rxb6 Rb4 42. Ba6 g5 43. Rb8+ Ke7 44. b6 Bc6+ 45. Kg3 Rb3+ 46. Kh2 Rb2 47. b7 Rxf2+ 48. Kg3 Rg2+ 49. Kh3 g4+ 50. Kh4 Rb2 51. Rg8 Bxb7 52. Bxb7 Kf6 53. Bc6 Rc2 54. Bd7 Rh2+ 55. Kg3 Rh3+ 56. Kg2 Rh7 57. Bxg4 Rg7 58. Rf8+ Rf7 59. Ra8 Ke5 60. Ra4 Rf4 61. Ra5+ Kd6 62. Bf3 Rc4 63. Kg3 Rd4 64. Kf2 Rd3 65. Be4 Rc3 66. Ke2 Rb3 67. Bd3 Rc3 68. Ke3 Rc5 69. Ra6+ Ke5 70. Ra8 Rd5 71. Be4 Rb5 72. Re8+ Kd6 73. Kd4 Rb4+ 74. Kc3 Ra4 75. Bc2 Ra2 76. Bd3 Ra4 77. Bc4 Ra1 78. Kd4 Rd1+ 79. Bd3 Kd7 80. Rh8 Kd6 81. Rh6+ Kd7 82. Ke4 Kc7 83. Bc4 Rd6 84. Rh8 Rg6 85. Kd4 Kd6 86. Bd5 Rf6 87. Ra8 Rf4+ 88. Be4 Rf6 89. Ra7 Ke6 90. Ra6+ Ke7 91. Ra1 Kd6 92. Rc1 Ke6 93. Bd5+ Kf5 94. Rg1 Kf4 95. Rf1+ Kg5 96. Rxf6 1/2-1/2

[Event "VI Sunway Sitges Open 2019"]
[Site "Sitges"]
[Date "2019.12.20"]
[Round "9.10"]
[White "Erenberg, Ariel"]
[Black "Gareyev, Timur"]
[Result "0-1"]
[ECO "D44"]
[WhiteElo "2479"]
[BlackElo "2598"]
[Annotator "ChessBase"]
[PlyCount "74"]
[EventDate "2019.12.13"]
[EventType "swiss"]
[EventCountry "ESP"]
[SourceTitle "playchess.com"]
[Source "ChessBase"]
[SourceQuality "1"]
[TimeControl "40/5400+30:1800+30"]

1. d4 Nf6 2. c4 e6 3. Nf3 d5 4. Nc3 c6 5. Bg5 h6 6. Bh4 dxc4 7. e4 b5 8. e5 g5 9. Nxg5 hxg5 10. Bxg5 Nbd7 11. exf6 Bb7 12. h4 Qb6 13. Qc2 Qa5 14. Be2 c5 15. d5 exd5 16. Bf3 O-O-O 17. O-O d4 18. Bxb7+ Kxb7 19. Qe4+ Kc8 20. Bf4 Qb6 21. Nd5 Qb7 22. Bc7 Nb6 23. Bxd8 Qxd5 24. Qxd5 Nxd5 25. Be7 Nxe7 26. fxe7 Bxe7 27. g3 Bf6 28. Rad1 Kc7 29. Kg2 Kc6 30. Rh1 b4 31. h5 c3 32. b3 c4 33. h6 c2 34. Rc1 d3 35. bxc4 Bb2 36. Kf3 Bxc1 37. Rxc1 d2 0-1

[Event "VI Sunway Sitges Open 2019"]
[Site "Sitges"]
[Date "2019.12.20"]
[Round "9.18"]
[White "Praggnanandhaa R"]
[Black "Garriga Cazorla, Pere"]
[Result "1/2-1/2"]
[ECO "B38"]
[WhiteElo "2586"]
[BlackElo "2484"]
[Annotator "ChessBase"]
[PlyCount "89"]
[EventDate "2019.12.13"]
[EventType "swiss"]
[EventCountry "ESP"]
[SourceTitle "playchess.com"]
[Source "ChessBase"]
[SourceQuality "1"]
[TimeControl "40/5400+30:1800+30"]

1. e4 c5 2. Nf3 Nc6 3. d4 cxd4 4. Nxd4 g6 5. c4 Bg7 6. Be3 Nf6 7. Nc3 O-O 8. Be2 d6 9. O-O Bd7 10. Qd2 Nxd4 11. Bxd4 Bc6 12. f3 a5 13. b3 Nd7 14. Be3 Nc5 15. Rab1 e6 16. Rfd1 Be5 17. Qe1 Qe7 18. Bf1 f5 19. exf5 Rxf5 20. Ne2 Raf8 21. Nd4 Bxd4 22. Rxd4 e5 23. Rg4 R8f7 24. Qh4 e4 25. Qxe7 Rxe7 26. f4 Nd3 27. Rd1 d5 28. Bxd3 exd3 29. Rxd3 dxc4 30. bxc4 b5 31. cxb5 Rxb5 32. Rg5 Rxg5 33. fxg5 Rb7 34. Rd2 Kf7 35. Kf2 Ke6 36. Bf4 Bd5 37. Re2+ Kd7 38. Rc2 Ke6 39. Bd2 a4 40. a3 Rf7+ 41. Kg3 Bb3 42. Rc5 Rd7 43. Bb4 Rd5 44. Kf4 Rxc5 45. Bxc5 1/2-1/2